 Dungeon Crawl Stone Soup version 0.29.1-15-g9cfb28693d (webtiles) character file.

Game seed: 2086936849370738055

23278 croobank the Unseen (level 13, -11/90 HPs)
             Began as an Octopode Delver on Mar 5, 2023.
             Was an Initiate of Gozag.
             Mangled by an elephant (12 damage)
             ... on level 3 of the Lair of Beasts.
             The game lasted 00:49:12 (19185 turns).

croobank the Unseen (Octopode Delver)              Turns: 19185, Time: 00:49:12

Health: -11/90     AC:  1    Str: 13    XL:     13   Next: 5%
Magic:  40/40      EV: 23    Int: 16    God:    Gozag
Gold:   556        SH:  0    Dex: 31    Spells: 19/24 levels left

rFire   + + .      SeeInvis .   g - +7 great mace "Firestarter" {inner flame, rF++}
rCold   . . .      Faith    .   (shield currently unavailable)
rNeg    . . .      Spirit   .   (helmet restricted)
rPois   .          Reflect  .   q - amulet of magic regeneration
rElec   .          Harm     .   d - +6 ring of dexterity
rCorr   .          Rampage  .   v - +6 ring of dexterity
Will    .....                   w - ring of magical power
Stlth   ++++++++..              I - +6 ring of dexterity
HPRegen 0.25/turn               r - ring of magical power
MPRegen 0.67/turn               (no ring)
                                (no ring)
                                (no ring)

@: no status effects
A: almost no armour, amphibious, 8 rings, camouflage 1, gelatinous body 1,
(nimble swimmer 1), tentacles
a: Renounce Religion, Potion Petition, Call Merchant, Bribe Branch


You were on level 3 of the Lair of Beasts.
You worshipped Gozag.
Gozag was pleased with you.
You visited 2 branches of the dungeon, and saw 15 of its levels.
You visited the Abyss 1 time.

You collected 2594 gold pieces.
You spent 854 gold pieces at shops.
You paid 1184 gold pieces to Gozag.

Inventory:

Hand Weapons
 a - a +8 dagger of venom
 b - the +6 longbow of Oozing Pus {flame, rC+}
   (You found it on level 2 of the Lair of Beasts)

   Any ammunition fired from it burns those it strikes, dealing additional fire
   damage.
   rC:        It protects you from cold.
 g - the +7 great mace "Firestarter" (weapon) {inner flame, rF++}
   (You bought it in a shop on level 5 of the Dungeon)

   It burns those it strikes, dealing additional fire damage.
   It fills those it strikes with an explosive inner flame.
   It grants immunity to clouds of flame.
   rF:        It greatly protects you from fire.
 l - the +10 trident "Bone" {flame, +Blink Int+2}
   (You found it on level 10 of the Dungeon)

   It burns those it strikes, dealing additional fire damage.
   Int:       It affects your intelligence (+2).
   +Blink:    It lets you blink.
 H - a +2 vorpal flail
 M - a +0 scimitar of venom
 V - a +5 mace
 Y - a +2 scimitar of freezing
 Z - a +3 short sword
Missiles
 e - 10 boomerangs (quivered)
 C - 16 poisoned darts
 L - 6 silver javelins
Armour
 x - a +0 buckler
Magical Staves
 h - a staff of air
 p - a staff of cold
 A - a staff of earth
 F - a staff of death
 G - a staff of poison
Jewellery
 d - a +6 ring of dexterity (left tentacle)
 q - an amulet of magic regeneration (around mantle)
 r - a ring of magical power (on tentacle)
 v - a +6 ring of dexterity (right tentacle)
 w - a ring of magical power (on tentacle)
 I - a +6 ring of dexterity (on tentacle)
Wands
 f - a wand of digging (8)
 j - a wand of iceblast (4)
 N - a wand of charming (7)
 W - a wand of flame (20)
Scrolls
 c - 2 scrolls of amnesia
 o - 4 scrolls of blinking
 s - 3 scrolls of vulnerability
 y - 3 scrolls of teleportation
 B - a scroll of torment {unknown}
 E - 4 scrolls of noise
 J - a scroll of brand weapon
 Q - 3 scrolls of enchant weapon
 R - 3 scrolls of enchant armour {unknown}
 T - 2 scrolls of identify
 U - 2 scrolls of magic mapping
 X - a scroll of fog
Potions
 i - 2 potions of mutation
 k - a potion of lignification
 m - 2 potions of magic
 n - 3 potions of ambrosia
 t - 4 potions of brilliance
 z - 2 potions of might
 D - 5 potions of curing
 K - 2 potions of haste
 O - 3 potions of invisibility {unknown}
 P - 4 potions of flight {unknown}
 S - 2 potions of degeneration {unknown}


   Skills:
 + Level 9.6 Fighting
 - Level 10.0 Short Blades
 - Level 5.6 Axes
 + Level 9.3 Dodging
 * Level 16.8 Stealth
 + Level 6.4 Spellcasting
 + Level 1.1 Conjurations
 + Level 1.1 Transmutations


You had 19 spell levels left.
You knew the following spells:

 Your Spells              Type           Power      Damage    Failure   Level
a - Irradiate             Conj/Tmut      4%         3d13      92%         5

Your spell library contained the following spells:

 Spells                   Type           Power      Damage    Failure   Level
 Call Canine Familiar     Summ           5%         N/A       36%         3
 Portal Projectile        Hex/Tloc       10%        N/A       36%         3
 Tukima's Dance           Hex            5%         N/A       36%         3
 Leda's Liquefaction      Hex/Erth       2%         N/A       78%         4
 Blade Hands              Tmut           4%         N/A       92%         5
 Dispersal                Tloc           2%         N/A       100%        6
 Dragon Form              Tmut           4%         N/A       100%        7
 Disjunction              Tloc           2%         N/A       100%        8


Dungeon Overview and Level Annotations

Branches:
Dungeon (12/15)            Temple (0/1) D:6            Lair (3/5) D:11
  Swamp (0/4) Lair:2          Orc (0/2) D:11
  Snake: Lair:2-3    Spider: Lair:2-3

Altars:
Cheibriados
Dithmenos
Elyvilon
Fedhas
Gozag
Hepliaklqana
Kikubaaqudgha
Makhleb
Nemelex Xobeh
Okawaru
Ru
Xom
Yredelemnul

Shops:
D:3 [   D:5 *

Annotations:
D:10 3 runed translucent doors, Seidenschwarz's ghost, journeyman MiFi


Innate Abilities, Weirdness & Mutations

You cannot wear most types of armour.
You are amphibious.
You can wear up to eight rings at the same time.
Your skin changes colour to match your surroundings (Stealth+).
Your rubbery body absorbs attacks. (AC +1, EV +1)
((You are camouflaged when in or above water. (Stealth+)))
You have tentacles for arms and can constrict up to eight enemies at once.


Message History

HP restored.
You climb downwards.
There is a stone staircase leading up here.
You don't know any spells.
Okay, then.
Okay, then.
You climb upwards.
There is a stone staircase leading down here.
This spell is quite dangerous to cast!
Memorise Irradiate, consuming 5 spell levels and leaving 19?
You start memorising the spell.
You continue memorising. x5
You finish memorising.
Spell assigned to 'a'.
You climb downwards.
The elephant completely misses you. The elephant misses you.
The elephant tramples you!
You hold your ground!
The elephant trunk-slaps you but does no damage.
The elephant misses you. The elephant trunk-slaps you.
The elephant barely misses you. The elephant trunk-slaps you.
There is a stone staircase leading up, spattered with blood here.
The elephant tramples you!!
You stumble backwards!
You stop ascending the stairs.
You hit the elephant but do no damage. The elephant completely misses you.
The elephant misses you. The elephant tramples you!!
You stumble backwards!
You hit the elephant. You burn the elephant.
The elephant is filled with an inner flame.
The elephant is lightly wounded.
The elephant tramples you!
* * * LOW HITPOINT WARNING * * *
You hold your ground!
The elephant closely misses you.
The elephant's inner flame fades away.
The elephant misses you. The elephant trunk-slaps you.
* * * LOW HITPOINT WARNING * * *
The elephant tramples you!
* * * LOW HITPOINT WARNING * * *
You hold your ground!
The elephant trunk-slaps you.
* * * LOW HITPOINT WARNING * * *
The elephant misses you. The elephant trunk-slaps you.
* * * LOW HITPOINT WARNING * * *
The elephant tramples you!
You die...
Your body crumbles into a pile of gold.

....$........>...#
..............#..##
........#....#....#
.............$.#..#
..#..............##
..#.........$...$.#####.#
..##.....................
.. #######......<.###.#.
#....♣♣@Y.♣ #....♣.Y.♣♣
#.....♣♣Y.♣ #.....♣♣♣.♣♣
#P...F.♣ ♣♣..♣♣..♣
#...... ♣$...♣ ♣..$♣♣
♣$.$♣ ♣♣.♣♣


You could see 3 elephants.

Vanquished Creatures
  Erolcha (D:11)
  3 boulder beetles
  A hydra (D:9)
  2 two-headed ogres
  A bog body (Lair:2)
  A wizard (D:11)
  An ugly thing (D:12)
  5 cane toads
  A smoke demon (Abyss:4)
  A kobold demonologist (D:11)
  A rime drake (Lair:1)
  3 komodo dragons (Lair:1)
  3 trolls
  Grinder (D:3)
  A raiju (Abyss:1)
  3 polar bears
  5 slime creatures
  3 shadows
  A ynoxinul (Abyss:1)
  A starcursed mass (D:11)
  A wyvern (D:9)
  23 yaks
  6 large abominations
  A steam dragon (D:10)
  Menkaure (D:6)
  8 small abominations
  6 water moccasins
  2 orc warriors
  A sky beast (D:7)
  A black bear (Lair:3)
  10 wolves
  4 boggarts (Lair:3)
  An ogre (D:5)
  A centaur (D:10)
  4 phantoms
  6 bullfrogs
  2 necrophages
  2 kobold brigands
  7 scorpions
  A gnoll sergeant (D:9)
  7 wights
  2 killer bees (D:8)
  2 electric eels (D:11)
  4 jellies
  A gnoll bouda (D:7)
  5 hounds
  5 orc priests
  5 iguanas
  Terence (D:3)
  7 orc wizards
  2 adders (D:3)
  17 gnolls
  4 white imps
  4 ufetubi
  2 worms
  3 dart slugs
  30 orcs
  3 endoplasms
  5 giant cockroaches
  9 goblins
  5 hobgoblins
  11 jackals
  2 quokkas
  6 ball pythons
  10 bats
  3 frilled lizards
  10 kobolds
  6 rats
298 creatures vanquished.

Vanquished Creatures (collateral kills)
  2 killer bees (D:8)
2 creatures vanquished.

Vanquished Creatures (others)
  2 yaks (D:8)
  2 killer bees (D:8)
  6 fungi
  5 plants (D:12)
15 creatures vanquished.

Grand Total: 315 creatures vanquished

Notes
Turn   | Place    | Note
-------+----------+-------------------------------------------
     0 | D:5      | croobank the Octopode Delver began the quest for the Orb.
     0 | D:5      | Reached XP level 1. HP: 16/16 MP: 1/1
    46 | D:6      | Reached XP level 2. HP: 8/21 MP: 2/2
   249 | D:7      | Noticed a bullfrog
   252 | D:7      | HP: 1/21 [bullfrog (8)]
   540 | D:5      | Noticed a bullfrog
   635 | D:5      | Noticed an ogre
   821 | D:5      | Noticed a necrophage
   839 | D:5      | Killed a necrophage
   840 | D:5      | Reached skill level 7 in Stealth
   840 | D:5      | Reached XP level 3. HP: 12/26 MP: 3/3
   840 | D:5      | Reached XP level 4. HP: 14/31 MP: 4/4
  1125 | D:3      | Noticed Terence
  1143 | D:2      | Reached XP level 5. HP: 17/37 MP: 5/5
  1970 | D:1      | Found a faded altar of an unknown god.
  2723 | D:2      | Found a blossoming altar of Fedhas.
  3083 | D:3      | Noticed Grinder
  3123 | D:3      | Found Coumm's Armour Emporium.
  3159 | D:3      | Found a sacrificial altar of Ru.
  3234 | D:3      | Found a white marble altar of Elyvilon.
  3433 | D:3      | Found a basalt altar of Yredelemnul.
  3436 | D:3      | Found a shadowy altar of Dithmenos.
  3440 | D:3      | Found an opulent altar of Gozag.
  3444 | D:3      | Became a worshipper of Gozag Ym Sagoz the Greedy
  3535 | D:3      | Killed Terence
  3536 | D:3      | Reached XP level 6. HP: 38/43 MP: 6/6
  3604 | D:3      | Found a blossoming altar of Fedhas.
  3664 | D:3      | Found an iron altar of Okawaru.
  3885 | D:4      | Reached skill level 8 in Stealth
  3979 | D:4      | You fall into a shaft and drop 2 floors!
  3993 | D:6      | Noticed Menkaure
  4005 | D:6      | Killed Menkaure
  4361 | D:6      | Found a staircase to the Ecumenical Temple.
  4438 | D:4      | Reached XP level 7. HP: 49/49 MP: 7/7
  5315 | D:3      | Killed Grinder
  5316 | D:3      | Reached skill level 5 in Fighting
  5387 | D:5      | Reached skill level 9 in Stealth
  5427 | D:5      | Reached XP level 8. HP: 55/55 MP: 8/8
  5429 | D:5      | Found Horicy's Mayhem Merchandise.
  5570 | D:5      | Reached skill level 5 in Axes
  5570 | D:5      | Reached skill level 5 in Dodging
  6459 | D:6      | Reached skill level 10 in Stealth
  6953 | D:6      | Reached skill level 1 in Short Blades
  6953 | D:6      | Reached XP level 9. HP: 62/62 MP: 9/9
  7136 | D:7      | Reached skill level 1 in Spellcasting
  8210 | D:7      | Reached skill level 11 in Stealth
  8617 | D:8      | Found an ancient bone altar of Kikubaaqudgha.
  9008 | D:8      | Reached XP level 10. HP: 71/71 MP: 14/14
  9150 | D:8      | Found a shimmering altar of Xom.
  9656 | D:8      | Found a snail-covered altar of Cheibriados.
  9721 | D:8      | Found a sparkling altar of Nemelex Xobeh.
  9796 | D:9      | Noticed a six-headed hydra
  9798 | D:9      | Found a hazy altar of Hepliaklqana.
  9803 | D:9      | Killed a six-headed hydra
  9804 | D:9      | Reached skill level 5 in Short Blades
  9804 | D:9      | Reached skill level 12 in Stealth
 10023 | D:9      | Identified the +1 ring mail of Midnight {rN+}
 10133 | D:9      | Found a burning altar of Makhleb.
 10878 | D:10     | Entered Level 10 of the Dungeon
 10924 | D:10     | Noticed a two-headed ogre
 10931 | D:10     | Killed a two-headed ogre
 10932 | D:10     | Reached skill level 13 in Stealth
 11322 | D:10     | Reached XP level 11. HP: 77/77 MP: 17/17
 11715 | D:10     | Identified the +10 trident "Bone" {flame, +Blink Int+2}
 11765 | D:10     | Found a runed translucent gate.
 11765 | D:10     | Found a runed translucent gate.
 11766 | D:10     | Found a runed translucent gate.
 11767 | D:10     | Noticed Seidenschwarz's ghost (journeyman MiFi)
 12005 | D:5      | Bought the +7 great mace "Firestarter" {inner flame, rF++}
                  | for 854 gold pieces
 12005 | D:5      | Found the +7 great mace "Firestarter" {inner flame, rF++}
 12781 | D:11     | Found a staircase to the Orcish Mines.
 12804 | D:11     | Found a staircase to the Lair.
 13031 | D:12     | Noticed a red ugly thing
 13034 | D:12     | Noticed a cyclops
 13060 | D:11     | Reached skill level 14 in Stealth
 13110 | D:11     | Noticed a boulder beetle
 13126 | D:11     | Killed a boulder beetle
 13487 | D:11     | Noticed a two-headed ogre
 13492 | D:11     | Killed a two-headed ogre
 13660 | D:11     | Noticed a boulder beetle
 13686 | D:11     | Killed a boulder beetle
 13687 | D:11     | Reached skill level 5 in Spellcasting
 14061 | D:11     | Noticed a wizard
 14065 | D:11     | Killed a wizard
 14069 | D:11     | Noticed a large abomination
 14073 | D:11     | Killed a large abomination
 14073 | D:11     | Killed a large abomination
 14074 | D:11     | Reached skill level 15 in Stealth
 14074 | D:11     | Reached XP level 12. HP: 73/84 MP: 20/20
 14394 | D:11     | Noticed Erolcha
 14395 | Abyss:1  | Cast into level 1 of the Abyss (Erolcha)
 14422 | Abyss:1  | Noticed a red very ugly thing
 14478 | Abyss:1  | Found a corrupted altar of Lugonu.
 14534 | Abyss:2  | Found a corrupted altar of Lugonu.
 14559 | Abyss:2  | Noticed a rakshasa
 14571 | Abyss:4  | Found a corrupted altar of Lugonu.
 14575 | Abyss:4  | Noticed a starcursed mass
 14620 | Abyss:4  | Noticed a starcursed mass
 14625 | D:11     | Escaped the Abyss
 14626 | D:11     | HP: 4/84 [spore (12)]
 14634 | D:11     | Killed Erolcha
 15705 | Lair:1   | Entered Level 1 of the Lair of Beasts
 16031 | Lair:1   | Reached skill level 16 in Stealth
 17095 | Lair:2   | Noticed a boulder beetle
 17096 | Lair:2   | Killed a boulder beetle
 17483 | Lair:2   | Identified the +6 longbow of Oozing Pus {flame, rC+}
 18099 | Lair:2   | Found a staircase to the Swamp.
 18160 | Lair:2   | Reached skill level 10 in Short Blades
 18555 | Lair:3   | Reached XP level 13. HP: 90/90 MP: 22/22
 18863 | Lair:3   | Reached skill level 1 in Conjurations
 18863 | Lair:3   | Reached skill level 1 in Transmutations
 19178 | Lair:2   | Learned a level 5 spell: Irradiate
 19184 | Lair:3   | HP: 2/90 [elephant (4)]
 19185 | Lair:3   | Mangled by an elephant

Illustrated notes

Levels and vault maps discovered:
D:1:      ncdulo_lavacross, layout_loops_ring,
          ebering_ecumenical_altar_sacrificial, grunt_decor_cap
D:2:      layout_loops_corners, basic_altar, minmay_surrounded
D:3:      layout_loops_corners, mainiacjoe_overflow_tiny_flanked,
          elyvilon_altar_1, overflow_temple_1_default,
          grunt_temple_overflow_diamond, nicolae_ru_great_annihilating_truth,
          serial_shops, shop, uniq_grinder, uniq_terence
D:4:      layout_basic
D:5:      layout_cave_pools, minmay_misc_feat_tower, minmay_misc_feat_diagonals,
          minmay_shop_mayhem, minmay_puff
D:6:      layout_gridville, temple_statues, minmay_statues_item, uniq_menkaure
D:7:      old_forge, layout_loops_corners, enter_bailey_2
D:8:      layout_layer_cave, chei_slow_surprise, mainiacjoe_overflow_chevrons,
          kiku_gazebo_garden_becter, nemelex_spade_bored_becter, st_stairs_4
D:9:      layout_basic, kennysheep_mini, old_standard_altar
D:10:     layout_roguey, gammafunk_ghost_necromancy
D:11:     layout_cave_pods, erik_lair_island, orc_0_dummy, laboratory,
          uniq_erolcha
D:12:     layout_rooms, serial_bayou, serial_bayou_pond_a, serial_bayou_pond_d,
          serial_bayou_pond_d, serial_bayou_crossing, serial_bayou_pond_b,
          serial_bayou_shore_a
Lair:1:   layout_cave_pods, cheibrodos_lair_caveside_slide,
          columned_hall_lemuel, grunt_megastairs_5
Lair:2:   layout_cave_pods, skrybe_swamp_entry_bodies
Lair:3:   layout_gridlike, spider_nest_entry_funnel_web, kilobyte_rumbling_trees

Skill      XL: |  1  2  3  4  5  6  7  8  9 10 11 12 13 |
---------------+----------------------------------------+-----
Stealth        | 7 8 9 10 11 13 15 16 | 16.8
Axes           | 3 4 5 |  5.6
Dodging        | 3 4 5 6 7 8 9 |  9.3
Fighting       | 4 5 6 7 8 9 |  9.6
Short Blades   | 1 4 6 8 10 | 10.0
Spellcasting   | 2 4 5 6 |  6.4
Conjurations   | 1 |  1.1
Transmutations | 1 |  1.1

Action                   |  1- 3 |  4- 6 |  7- 9 | 10-12 | 13-15 || total
-------------------------+-------+-------+-------+-------+-------++-------
Melee: Hand axe          |    17 |    88 |       |       |       ||   105
       Constrict         |     5 |    40 |    33 |    39 |     3 ||   120
       Tentacles         |     2 |    30 |    42 |    95 |     6 ||   175
       Punch             |       |     3 |     4 |     6 |     1 ||    14
       Dagger            |       |    27 |   170 |   308 |     2 ||   507
       Great mace        |       |       |       |    23 |    12 ||    35
       Trident           |       |       |       |     1 |       ||     1
 Fire: Shortbow          |       |       |       |     8 |       ||     8
       Longbow           |       |       |       |     1 |       ||     1
Throw: Boomerang         |       |       |     8 |    10 |       ||    18
Invok: Potion Petition   |       |       |       |     2 |       ||     2
Evoke: Wand              |       |     1 |     7 |    12 |       ||    20
  Use: Scroll            |     2 |       |    22 |     3 |     1 ||    28
       Potion            |       |     1 |     2 |     5 |       ||     8
 Stab: Sleeping          |       |    25 |    32 |    32 |       ||    89
       Distracted        |       |       |     3 |    10 |       ||    13
       Invisible         |       |       |       |     1 |       ||     1
Armor: Skin              |     3 |     8 |     3 |     4 |     1 ||    19
Dodge: Dodged            |    13 |    84 |    96 |   210 |    27 ||   430
